 Dungeon Crawl Stone Soup version 0.26-a0-958-gf3041fb45f (webtiles) character file.

Game seed: 4958686484611710316

53 lunkers the Digger (level 3, -4/28 HPs)
             Began as a Deep Dwarf Earth Elementalist on Dec 1, 2020.
             Was an Initiate of Makhleb.
             Slain by Sigmund
             ... wielding a +0 scythe
              (9 damage)
             ... on level 2 of the Dungeon.
             The game lasted 00:04:00 (1507 turns).

lunkers the Digger (Deep Dwarf Earth Elementalist)  Turns: 1507, Time: 00:04:00

Health: -4/28      AC:  2    Str: 11    XL:     3   Next: 62%
Magic:  5/5        EV: 12    Int: 16    God:    Makhleb [......]
Gold:   72         SH:  0    Dex: 13    Spells: 2/5 levels left

rFire    . . .     SeeInvis .   e - +0 whip
rCold    . . .     Faith    .   (no shield)
rNeg     . . .     Spirit   .   c - +0 robe
rPois    .         Reflect  .   (no helmet)
rElec    .         Harm     .   (no cloak)
rCorr    .         Rampage  .   (no gloves)
MR       .....                  (no boots)
Stlth    ++........             (no amulet)
HPRegen  0.00/turn              (no ring)
MPRegen  0.09/turn              (no ring)

@: non-regenerating
A: damage resistance, heal wounds, sense surroundings 1, no regeneration
a: Heal Wounds, Renounce Religion


You were on level 2 of the Dungeon.
You worshipped Makhleb.
Makhleb was noncommittal.
You visited 1 branch of the dungeon, and saw 2 of its levels.

You collected 72 gold pieces.

Inventory:

Hand Weapons
 e - a +0 whip (weapon)
Armour
 c - a +0 robe (worn)
Scrolls
 d - a scroll of magic mapping {unknown}
 g - a scroll of amnesia {unknown}
 i - a scroll of remove curse
Potions
 a - 3 potions of attraction
 h - a potion of flight


   Skills:
 - Level 2.1 Dodging
 - Level 2.4 Stealth
 + Level 1.9 Spellcasting
 - Level 0.8 Transmutations
 * Level 6.1 Earth Magic


You had 2 spell levels left.
You knew the following spells:

 Your Spells              Type           Power        Failure   Level
a - Sandblast             Erth           ###...       1%          1
b - Passwall              Tmut/Erth      ##......     8%          2

Your spell library contained the following spells:

 Spells                   Type           Power        Failure   Level
 Stone Arrow              Conj/Erth      ##....       19%         3
 Lee's Rapid Deconstruct  Erth           ###.......   43%         5
 Petrify                  Tmut/Erth      ##......     45%         4


Dungeon Overview and Level Annotations

Branches:
Dungeon (2/15)

Altars:
Makhleb

Annotations:
D:2 Sigmund


Innate Abilities, Weirdness & Mutations

You are resistant to damage.
You can heal yourself by infusing magical energy.
You passively map a small area around you.
You do not regenerate.


Message History

* * * LOW HITPOINT WARNING * * *
You cannot move.
Sigmund says, "Now you see me, now you don't..."
Sigmund hits you but does no damage.
Sigmund casts a spell.
Sigmund flickers and vanishes!
Deactivating autopickup; reactivate with Ctrl-A.
Something hits you but does no damage.
A magic dart appears from out of thin air!
The magic dart hits you but does no damage.
Something hits you.
* * * LOW HITPOINT WARNING * * *
You cannot move.
Something hits you but does no damage.
You feel less wooden.
Your +0 robe unmelds from your body.
Something hits you. Something hits you!
* * * LOW HITPOINT WARNING * * *
Something hits you!
You die...

...#.......#... #....... *
##.#.......#.#### #.......
#####......_........# #.......
.......#.......#....# ###....#
.....#.#.......#....######....#
.......##.....##....'....#..#.#
.......####.####....####.†.....
...............{.....# #......#
.......<..<÷..@....#.###....###
.....##................#....+
....................####....# .
,................## #....# ,
.........?####### #....#
,..........# #....#
...§.≈.....# .§≈≈§..≈....# * ,
≈#≈###≈§..# * ,


There were no monsters in sight!

Vanquished Creatures
  2 oozes (D:1)
  A dart slug (D:1)
  A leopard gecko (D:2)
  2 bats (D:1)
  6 giant cockroaches
  5 goblins
  A hobgoblin (D:1)
  3 ball pythons (D:1)
  4 frilled lizards
  9 kobolds
  10 rats
44 creatures vanquished.

Notes
Turn   | Place    | Note
-------+----------+-------------------------------------------
     0 | D:1      | lunkers the Deep Dwarf Earth Elementalist began the quest
                  | for the Orb.
     0 | D:1      | Reached XP level 1. HP: 15/15 MP: 3/3
   205 | D:1      | Reached XP level 2. HP: 19/22 MP: 1/4
   373 | D:1      | Reached skill level 5 in Earth Magic
   623 | D:1      | Reached XP level 3. HP: 24/28 MP: 2/5
   909 | D:1      | Learned a level 2 spell: Passwall
  1238 | D:2      | Found a burning altar of Makhleb.
  1252 | D:2      | Reached skill level 6 in Earth Magic
  1259 | D:2      | Became a worshipper of Makhleb the Destroyer
  1265 | D:2      | Noticed Sigmund
  1507 | D:2      | Slain by Sigmund

Illustrated notes

Levels and vault maps discovered:
D:1:      erik_arrival_cave_to_civilisation [erik_arrival_cave_to_hall],
          layout_basic, minmay_tromino_v4_c
D:2:      layout_basic, dancing_weapons_uskayaw, old_standard_altar,
          chequers_ecumenical_altar_island, nicolae_qazlal_general_emergency,
          uniq_sigmund

Skill      XL: |  1  2  3 |
---------------+----------+-----
Earth Magic    | 5 6 |  6.1
Dodging        | |  2.1
Stealth        | |  2.4
Spellcasting   | |  1.9
Transmutations | |  0.8

Action                   || total
-------------------------++-------
Melee: Unarmed           ||    12
       Whip              ||    68
Throw: Stone             ||     3
 Cast: Sandblast         ||    35
  Use: Scroll            ||     3
       Potion            ||     1
 Stab: Sleeping          ||     2
Armor: Robe              ||    19
       Skin              ||    12
Dodge: Dodged            ||    51

Table legend: (Time is in decaauts)
 A = Elapsed time spent in this place.
 B = Non-inter-level travel time spent in this place.
 C = Inter-level travel time spent in this place.
 D = Time resting spent in this place.
 E = Time spent auto-exploring this place.
 F = Levels seen in this place.
 G = Mean time per level.
                   A        B        C        D        E       F      G
               +--------+--------+--------+--------+--------+-----+--------+
         Total |   1515 |   1448 |     67 |     26 |    980 |   2 |  757.5 |
       Dungeon |   1515 |   1448 |     67 |     26 |    980 |   2 |  757.5 |
               +--------+--------+--------+--------+--------+-----+--------+

Top non-repeatable levels by time:
     D:1: 1317 daAuts
     D:2: 198 daAuts
